 Dungeon Crawl Stone Soup version 0.17.0-17-ge4ba49f (webtiles) character file.

100 Kold the Insei (level 4, 0/24 HPs)
             Began as a Vine Stalker Monk on Nov 11, 2015.
             Succumbed to an adder's poison
             ... on level 2 of the Dungeon.
             The game lasted 00:03:01 (1241 turns).

Kold the Insei (Vine Stalker Monk)                  Turns: 1241, Time: 00:03:01

Health: 0/24       AC:  2    Str: 13    XL:     4   Next: 73%
Magic:  2/5        EV: 14    Int: 10    God:
Gold:   55         SH:  0    Dex: 18    Spells: 0 memorised, 3 levels left

rFire  . . .     SeeInvis .       - Unarmed
rCold  . . .     Clarity  .     a - +0 robe
rNeg   . . .     SustAt   .     (no shield)
rPois  .         Gourm    .     (no helmet)
rElec  .         Spirit   +     (no cloak)
rCorr  .         Warding  .     (no gloves)
rMut   .         Stasis   .     (no boots)
MR     .....                    (no amulet)
Stlth  +++.......               p - ring of flight
                                (no ring)

@: lethally poisoned (0 -> -7), not resistant to hostile enchantments, fairly
stealthy
A: fangs 2, regeneration 1, magic shield, antimagic bite, no device heal 3, rot
immunity
a: Evoke Flight


You were on level 2 of the Dungeon.
You were not hungry.

You visited 1 branch of the dungeon, and saw 2 of its levels.

You collected 55 gold pieces.

Inventory:

Hand Weapons
 o - a +0 short sword
Armour
 a - a +0 robe (worn)
Jewellery
 j - an uncursed ring of fire
 p - a ring of flight (right hand)
Scrolls
 e - 3 scrolls of identify {unknown}
 g - a scroll of random uselessness {unknown}
 h - a scroll of enchant armour {unknown}
 m - a scroll of blinking {unknown}
Potions
 c - a potion of flight {unknown}
 f - a potion of heal wounds
 i - a potion of agility {unknown}
 k - a potion of might {unknown}
 n - a potion of curing {unknown}
Comestibles
 b - a bread ration
 d - a beef jerky
 l - 2 chunks of flesh


   Skills:
 + Level 3.3 Fighting
 + Level 3.4 Dodging
 + Level 4.0 Stealth
 - Level 4.0 Unarmed Combat


You had 3 spell levels left.
You didn't know any spells.

Dungeon Overview and Level Annotations

Branches:
Dungeon (2/15)

Altars:


Innate Abilities, Weirdness & Mutations

You have extremely sharp teeth.
Your natural rate of healing is unusually fast.
When hurt, damage is shared between your health and your magic reserves.
Your bite disrupts and absorbs the magic of your enemies.
Potions and wands cannot restore your health.
You are immune to rotting.


Message History

The adder bites you.
* * * LOW HITPOINT WARNING * * *
You are lethally poisoned!
The adder poisons you! The adder bites you. The goblin misses you.
You hit the adder.
The adder is heavily wounded.
* * * LOW HITPOINT WARNING * * *
You feel sick. The adder closely misses you. The adder misses you.
The goblin barely misses you. The adder misses you.
The adder barely misses you.
You hit the adder. Your bite misses the adder.
The adder is almost dead.
* * * LOW HITPOINT WARNING * * *
You feel sick. The goblin closely misses you. The adder bites you.
* * * LOW HITPOINT WARNING * * *
You are more poisoned.
The adder poisons you! The adder barely misses you.
You hit the adder.
You kill the adder!
You die...

###################
##......##.........#
##........#.........#
#....................
#.............#######
#..........#### #
..##..........# #
..............# #
..#..@†....## ####
......Sg..?...# ##...
...............#
#....
.................
#....
..............##.#
##... ..............#
.. ###.
.............## #. #.
...#........## ..####
...#


You could see an adder and a goblin.

Vanquished Creatures
  3 gnolls (D:2)
  3 adders (D:2)
  An ooze (D:1)
  A ball python (D:1)
  10 bats
  A giant cockroach (D:2)
  6 hobgoblins
  3 jackals (D:2)
  2 giant geckos
  7 goblins
  4 kobolds
  4 rats
45 creatures vanquished.

Notes
Turn   | Place    | Note
--------------------------------------------------------------
     0 | D:1      | Kold the Vine Stalker Monk began the quest for the Orb.
     0 | D:1      | Reached XP level 1. HP: 11/11 MP: 2/2
    82 | D:1      | Reached XP level 2. HP: 11/16 MP: 3/3
   401 | D:1      | Reached XP level 3. HP: 19/19 MP: 4/4
   998 | D:2      | Reached XP level 4. HP: 19/24 MP: 5/5
  1240 | D:2      | HP: 1/24 [adder (2)]
  1241 | D:2      | Succumbed to an adder's poison

Action                   |  1- 3 |  4- 6 || total
-------------------------+-------+-------++-------
Melee: Unarmed           |   102 |    25 ||   127
  Use: Potion            |       |     1 ||     1
 Stab: Sleeping          |     5 |       ||     5
  Eat: Chunk             |       |     1 ||     1
